 Dungeon Crawl Stone Soup version 0.23.1 (webtiles) character file.

Game seed: 0

213 elfaar the Cudgeler (level 5, -13/47 HPs)
             Began as a Minotaur Berserker on Mar 7, 2019.
             Was a Priest of Trog.
             Blown up by Ijyb (20 damage)
             ... with a wand of disintegration (8)
             ... on level 4 of the Dungeon.
             The game lasted 00:10:38 (2564 turns).

elfaar the Cudgeler (Minotaur Berserker)            Turns: 2564, Time: 00:10:39

Health: -13/47     AC: 10    Str: 23    XL:     5   Next: 59%
Magic:  4/4        EV: 11    Int:  4    God:    Trog [***...]
Gold:   233        SH:  0    Dex:  9    Spells: 4/4 levels left

rFire    . . .     SeeInvis .   a - +1 mace
rCold    . . .     Gourm    .   (no shield)
rNeg     . . .     Faith    .   r - +0 scale mail
rPois    .         Spirit   .   (helmet restricted)
rElec    .         Reflect  .   n - +1 cloak
rCorr    .         Harm     .   (no gloves)
MR       .....                  s - +0 pair of boots
Stlth    ..........             (no amulet)
HPRegen  0.15/turn              l - ring of flight
MPRegen  0.09/turn              (no ring)

@: no status effects
A: retaliatory headbutt, horns 2
a: Berserk, Trog's Hand, Renounce Religion, Evoke Flight


You were on level 4 of the Dungeon.
You worshipped Trog.
Trog was most pleased with you.
You were not hungry.

You visited 1 branch of the dungeon, and saw 4 of its levels.

You collected 233 gold pieces.

Inventory:

Hand Weapons
 a - a +1 mace (weapon)
 t - a +0 blowgun
Missiles
 e - 99 stones (quivered)
 g - 29 poisoned needles
Armour
 n - a +1 cloak (worn)
 r - a +0 scale mail (worn)
 s - a +0 pair of boots (worn)
Jewellery
 l - a ring of flight (left hand)
Wands
 k - a wand of disintegration (10)
 p - a wand of polymorph (6)
Scrolls
 o - 4 scrolls of teleportation
 q - a scroll of amnesia {unknown}
 v - a scroll of identify
Potions
 b - a potion of heal wounds {unknown}
 d - 2 potions of flight
 f - a potion of brilliance
 i - a potion of might {unknown}
 j - a potion of ambrosia
 m - a potion of curing {unknown}
 u - a potion of lignification {unknown}
Comestibles
 c - 11 rations
 h - 6 chunks of flesh


   Skills:
 + Level 4.9 Fighting
 + Level 6.0 Maces & Flails
 + Level 2.8 Armour
 + Level 3.0 Dodging
 + Level 1.1 Stealth


You had 4 spell levels left.
You didn't know any spells.
Your spell library was empty.

Dungeon Overview and Level Annotations

Branches:
Dungeon (4/15)
 Temple: D:4-7

Altars:

Annotations:
D:4 Ijyb


Innate Abilities, Weirdness & Mutations

You reflexively headbutt those who attack you in melee.
You have a pair of horns on your head.


Message History

Ijyb is almost dead.
Ijyb completely misses you.
You closely miss Ijyb.
Ijyb is almost dead.
Ijyb zaps a wand.
You are blasted!
You closely miss Ijyb.
Ijyb is almost dead.
Ijyb hits you but does no damage.
You barely miss Ijyb.
Ijyb is almost dead.
Ijyb zaps a wand.
You are blasted!
* * * LOW HITPOINT WARNING * * *
You hit Ijyb but do no damage.
Ijyb is almost dead.
Ijyb zaps a wand.
You are blasted!
* * * LOW HITPOINT WARNING * * *
You closely miss Ijyb.
Ijyb is almost dead.
Ijyb hits you but does no damage.
Ijyb zaps a wand.
You are blasted!
You die...

*,*,**,* #.#.#.#....#,* *,*
**,*,**,* #.....##.###,* *,*
,,,*,**,######'####..,,,* *,*
****,**,#.........####*** *,*
,,,*,**,#.........# *,*
**,*,**,#.........#*********,*
*,*,**,#.........##,,,,,,,,,*
*,*,**,######.....#,*********
*,*,**,*****#..@..#,******
*,*,**,,......g†..!....,<*
*,*,****#####.#.....###***
*,*,,,,,,,,,#.#.#####
*,*********,#.#.# *,* *,#.#.#
*,* *,#.#.# *,* *,*,#$#
*,*********,*,*,*


You could see Ijyb.

Vanquished Creatures
  A scorpion (D:4)
  An orc wizard (D:2)
  Terence (D:3)
  2 adders
  An ooze (D:2)
  3 worms
  A dart slug (D:1)
  A leopard gecko (D:1)
  6 orcs
  3 ball pythons
  4 bats
  5 giant cockroaches
  6 goblins
  6 hobgoblins
  7 jackals
  3 quokkas
  4 frilled lizards
  10 kobolds
  5 rats
70 creatures vanquished.

Notes
Turn   | Place    | Note
-------+----------+-------------------------------------------
     0 | D:1      | elfaar the Minotaur Berserker began the quest for the Orb.
     0 | D:1      | Reached XP level 1. HP: 19/19 MP: 0/0
   213 | D:1      | Reached skill level 4 in Maces & Flails
   250 | D:1      | Reached XP level 2. HP: 27/27 MP: 1/1
   807 | D:1      | Reached ** piety under Trog
   874 | D:1      | Reached XP level 3. HP: 26/33 MP: 2/2
  1324 | D:2      | Reached XP level 4. HP: 33/41 MP: 3/3
  1326 | D:2      | Reached skill level 5 in Maces & Flails
  1685 | D:3      | Noticed Terence
  1691 | D:3      | Killed Terence
  1822 | D:3      | Reached skill level 1 in Stealth
  1822 | D:3      | Reached XP level 5. HP: 46/47 MP: 4/4
  1925 | D:3      | Reached *** piety under Trog
  2207 | D:4      | Reached skill level 6 in Maces & Flails
  2548 | D:4      | Noticed Ijyb
  2564 | D:4      | Blown up by Ijyb

Skill      XL: |  1  2  3  4  5 |
---------------+----------------+-----
Maces & Flails | 4 5 6 |  6.0
Fighting       | 4 |  4.9
Stealth        | 1 |  1.1
Dodging        | 3 |  3.0
Armour         | |  2.8

Action                   |  1- 3 |  4- 6 || total
-------------------------+-------+-------++-------
Melee: Mace              |    52 |    75 ||   127
       Headbutt          |    10 |     9 ||    19
Invok: Berserk           |     1 |       ||     1
  Use: Scroll            |     9 |     2 ||    11
 Stab: Sleeping          |       |     1 ||     1
  Eat: Chunk             |     1 |     5 ||     6
Armor: Animal skin       |     7 |     2 ||     9
       Scale mail        |       |    21 ||    21
Dodge: Dodged            |    43 |    32 ||    75
